 Dungeon Crawl Stone Soup version 0.29-a0-322-g68df515428 (webtiles) character file.

Game seed: 7265332098364688127

116967 jdsmith2816 the Brawler (level 16, -7/149 HPs)
             Began as a Ghoul Artificer on Apr 10, 2022.
             Was an Elder of Okawaru.
             Mangled by a small abomination (10 damage)
             ... on level 4 of the Abyss.
             The game lasted 02:54:08 (34416 turns).

jdsmith2816 the Brawler (Ghoul Artificer)          Turns: 34416, Time: 02:54:09

Health: -7/149     AC: 28    Str: 27 (28) XL:     16   Next: 72%
Magic:  0/24       EV: 12    Int:  6 (8)  God:    Okawaru [****..]
Gold:   4320       SH:  7    Dex:  9      Spells: 15/15 levels left

rFire   + . .      SeeInvis .     - Unarmed
rCold   + . .      Faith    .   a - +3 buckler {reflect}
rNeg    + + +      Spirit   +   G - +2 plate armour {rF+}
rPois   ∞          Reflect  +   z - +2 helmet
rElec   .          Harm     .   k - +2 cloak
rCorr   .          Rampage  .   (no gloves)
Will    +....                   y - +2 pair of boots
Stlth   ..........              O - amulet of guardian spirit
HPRegen 0.00/turn               E - +4 ring of evasion
MPRegen 0.19/turn               S - +6 ring of strength

@: mighty, about to teleport, inhibited regen
A: claws 1, cold resistance 1, negative energy resistance 3, inhibited
regeneration, torment resistance 2, devour on kill
a: Renounce Religion, Heroism, Finesse


You were on level 4 of the Abyss.
You worshipped Okawaru.
Okawaru was greatly pleased with you.
You visited 4 branches of the dungeon, and saw 23 of its levels.
You visited the Abyss 1 time.
You also visited: Bailey and Ice Cave.

You collected 5028 gold pieces.
You spent 708 gold pieces at shops.


Innate Abilities, Weirdness & Mutations

You are immune to poison.
You have sharp fingernails.
Your flesh is cold resistant. (rC+)
You are immune to negative energy. (rN+++)
You do not regenerate when monsters are visible.
You are immune to unholy pain and torment.
You thrive by killing the living.


   Skills:
 - Level 15.0 Fighting
 - Level 4.0 Maces & Flails
 - Level 2.0 Throwing
 * Level 12.3 Armour
 - Level 2.1 Dodging
 - Level 1.1 Stealth
 - Level 5.0 Shields
 + Level 19.0 Unarmed Combat
 - Level 12.0 Invocations
 - Level 2.6 Evocations


You had 15 spell levels left.
You didn't know any spells.
Your spell library contained the following spells:

 Spells                   Type           Power      Damage    Failure   Level
 Foxfire                  Conj/Fire      0%         2x1d4     99%         1
 Freeze                   Ice            0%         1d3       99%         1
 Magic Dart               Conj           0%         1d3       99%         1
 Shock                    Conj/Air       0%         1d3       99%         1
 Sting                    Tmut/Pois      0%         1d3       99%         1
 Poisonous Vapours        Pois/Air       0%         N/A       100%        2
 Searing Ray              Conj           0%         2d4       100%        2
 Static Discharge         Conj/Air       0%         N/A       100%        2
 Conjure Flame            Conj/Fire      0%         6-21      100%        3
 Frozen Ramparts          Ice            0%         1d2       100%        3
 Inner Flame              Hex/Fire       0%         N/A       100%        3
 Mephitic Cloud           Conj/Pois/Air  0%         N/A       100%        3
 Airstrike                Air            0%         N/A       100%        4
 Flame Wave               Conj/Fire      0%         2d4       100%        4
 Fulminant Prism          Conj/Hex       0%         3d6       100%        4
 Hailstorm                Conj/Ice       0%         3d3       100%        4
 Leda's Liquefaction      Hex/Erth       0%         N/A       100%        4
 Olgreb's Toxic Radiance  Pois           0%         N/A       100%        4
 Lee's Rapid Deconstruct  Erth           0%         3d5*      100%        5
 Lightning Bolt           Conj/Air       0%         1d11      100%        5
 Metabolic Englaciation   Hex/Ice        0%         N/A       100%        5
 Maxwell's Capacitive Co  Air            0%         ∞         100%        8
 Summon Small Mammal      Summ           Unusable   N/A       N/A         1
 Call Imp                 Summ           Unusable   N/A       N/A         2
 Call Canine Familiar     Summ           Unusable   N/A       N/A         3
 Summon Guardian Golem    Hex/Summ       Unusable   N/A       N/A         3
 Ice Form                 Ice/Tmut       Unusable   N/A       N/A         4
 Summon Lightning Spire   Summ/Air       Unusable   N/A       N/A         4
 Simulacrum               Ice/Necr       Unusable   N/A       N/A         6
 Statue Form              Tmut/Erth      Unusable   N/A       N/A         6
 Storm Form               Tmut/Air       Unusable   N/A       N/A         7

Inventory:

Hand Weapons
 b - a +6 whip of electrocution
Missiles
 c - 12 boomerangs
 i - 12 curare-tipped darts {=f}
 q - 11 silver javelins (quivered)
 B - 2 atropa-tipped darts
Armour
 a - a +3 buckler of reflection (worn)
 k - a +2 cloak (worn)
 y - a +2 pair of boots (worn)
 z - a +2 helmet (worn)
 G - a +2 plate armour of fire resistance (worn)
 Z - a scarf of resistance
Jewellery
 v - a ring of see invisible
 D - a +6 ring of dexterity
 E - a +4 ring of evasion (left claw)
 O - an amulet of guardian spirit (around neck)
 S - a +6 ring of strength (right claw)
Wands
 e - a wand of iceblast (21)
 l - a wand of polymorph (1)
 x - a wand of paralysis (5)
 J - a wand of mindburst (10)
 L - a wand of flame (44)
Scrolls
 n - 6 scrolls of magic mapping
 o - 2 scrolls of teleportation {@r2}
 A - a scroll of blinking
 H - 2 scrolls of enchant weapon
 N - 2 scrolls of fear
 Q - 2 scrolls of fog
 U - 2 scrolls of silence {!r}
 V - 2 scrolls of brand weapon
 Y - a scroll of enchant armour
Potions
 f - a potion of resistance
 g - 2 potions of invisibility
 m - 8 potions of attraction
 p - 13 potions of curing {@q1}
 t - 2 potions of magic
 F - a potion of flight
 P - 3 potions of brilliance
 W - a potion of might
Miscellaneous
 I - a piece from Xom's chessboard (15/15)
 K - a condenser vane (inert)

Dungeon Overview and Level Annotations

Branches:
Dungeon (14/15)            Temple (1/1) D:7            Lair (6/6) D:8
  Swamp (0/4) Lair:2       Spider (0/4) Lair:2        Slime (0/5) Lair:6
    Orc (2/2) D:11            Elf (0/3) Orc:2        Vaults (0/5) D:14
 Bailey (visited)           IceCv (visited)

Altars:
Ashenzari
Cheibriados
Dithmenos
Elyvilon
Fedhas
Gozag
Hepliaklqana
Kikubaaqudgha
Makhleb
Nemelex Xobeh
Okawaru
Qazlal
Ru
Sif Muna
Trog
Uskayaw
Vehumet
Wu Jian
Xom
Yredelemnul
Zin
The Shining One
Beogh
Jiyva

Shops:
D:2 [   D:5 (*[   D:8 ?   D:12 *   Orc:2 ?*?=

Annotations:
D:3 1 runed translucent door, Crazy Yiuf
D:6 3 runed translucent doors, rabbitsville's ghost, novice TrGl
D:14 2 runed translucent doors

#........▓. ▒ ▒
▒..░...#. ░ .
░▒...░.▓▒# .
..▒ ▒▒...▒ ...
▒.
...▒▒▓.▒.2▓..#.
.. #...░.#.#░..
. .. ▒..°..#..
.#
▒....▒x▒.....░
... ░@#▒...#.▒
.......▒▓ .░▒▒
.▒▒▒... ▒ ▒.#▒.
.. ## .. ▒


You could see a reaper and a small abomination.


Message History

* * * LOW HITPOINT WARNING * * *
The shard shrike simulacrum barely misses you.
You bump into the stone wall.
The shard shrike simulacrum barely misses you.
The shard shrike simulacrum completely misses you.
The shard shrike simulacrum claws you but does no damage.
You eviscerate the shard shrike simulacrum!!!
The shard shrike simulacrum is almost destroyed.
The shard shrike simulacrum claws you but does no damage.
The shard shrike simulacrum claws you but does no damage. x2
You're too confused to move!
You feel less invigorated.
You feel less confused.
The shard shrike simulacrum claws you but does no damage. x2
The shard shrike simulacrum claws you!
* * * LOW HITPOINT WARNING * * *
The shard shrike simulacrum freezes you!
You resist.
* * * LOW HITPOINT WARNING * * *
You scratch the shard shrike simulacrum.
The shard shrike simulacrum vaporises!
That felt strangely unrewarding.
The small abomination attacks as you move away!
The small abomination hits you but does no damage.
The small abomination is engulfed in freezing vapours.
The small abomination hits you!
* * * LOW HITPOINT WARNING * * *
The small abomination attacks as you move away!
The small abomination hits you!
You die...

Skill      XL: |  1  2  3  4  5  6  7  8  9 10 11 12 13 14 15 16 |
---------------+-------------------------------------------------+-----
Unarmed Combat | 1 2 3 4 5 7 9 11 12 13 14 16 18 19 | 19.0
Fighting       | 2 3 4 5 6 7 9 10 12 13 14 15 | 15.0
Throwing       | 1 2 |  2.0
Maces & Flails | 2 4 |  4.0
Shields        | 2 4 5 |  5.0
Invocations    | 2 7 10 11 12 | 12.0
Armour         | 6 9 12 | 12.3
Dodging        | 2 |  2.1
Stealth        | |  1.1
Evocations     | |  2.6

Action                   |  1- 3 |  4- 6 |  7- 9 | 10-12 | 13-15 | 16-18 || total
-------------------------+-------+-------+-------+-------+-------+-------++-------
Melee: Unarmed           |   121 |   135 |   305 |   535 |   871 |   473 ||  2440
       Punch             |       |     4 |     5 |       |       |       ||     9
       Whip              |       |       |       |    99 |    62 |     7 ||   168
Throw: Boomerang         |    45 |    21 |       |     1 |     2 |       ||    69
       Stone             |       |    31 |    36 |       |       |       ||    67
       Dart              |       |     1 |     6 |    13 |    12 |     1 ||    33
       Javelin           |       |       |       |    22 |     6 |     2 ||    30
Invok: Heroism           |       |       |     3 |    18 |    24 |     6 ||    51
       Finesse           |       |       |       |       |     9 |     5 ||    14
Evoke: Wand              |     1 |     3 |    25 |     3 |    13 |     3 ||    48
       Condenser vane    |       |       |       |       |     1 |     1 ||     2
  Use: Scroll            |     6 |     4 |    11 |    13 |    14 |    12 ||    60
       Potion            |     2 |       |     2 |       |     4 |    11 ||    19
Armor: Leather armour    |    10 |       |       |       |       |       ||    10
       Scale mail        |    42 |    46 |   117 |   217 |   149 |       ||   571
       Plate armour      |       |       |       |       |   142 |   355 ||   497
Dodge: Dodged            |    50 |    64 |   132 |   317 |   352 |   251 ||  1166
Block: Buckler           |       |       |    36 |   189 |   255 |   218 ||   698
       Reflection        |       |       |     2 |     8 |     4 |    17 ||    31

Levels and vault maps discovered:
D:1:      heliophobic_arrival_glass_houses, layout_rooms,
          minmay_misc_feat_more_columns
D:2:      layout_loops_ring, serial_shops, shop_fountains,
          minmay_misc_feat_roman
D:3:      layout_basic, overflow_temple_1_default,
          hellmonk_ecumenical_altar_prayer_group, uniq_jessica,
          uniq_crazy_yiuf_cottage
D:4:      layout_rooms, minmay_crystal_room
D:5:      layout_cave_pods, old_standard_altar, serial_shops,
          nicolae_shop_hallway_plus, shop, shop_coins, uniq_ijyb
D:6:      nicolae_cairo_tiling, layout_cave_pods, fedhas_altar_2,
          ashenzari_conservatory_becter, elyvilon_altar_1,
          gammafunk_ghost_necromancy
D:7:      kennysheep_slugbush, layout_layer_cave,
          grunt_temple_overflow_gold_and_silver, minmay_temple_entry_grid
D:8:      layout_loops_corners, nicolae_overflow_squiral,
          minmay_lair_entry_grove, serial_shops, nicolae_shop_stone,
          roderic_roman_lattice
D:9:      layout_basic, old_standard_altar, enter_bailey_2, uniq_erica
D:10:     layout_basic, nicolae_uskayaw_en_pointe,
          mainiacjoe_overflow_cross_hatched
D:11:     layout_basic, orc_0_dummy
D:12:     layout_grid_maze, serial_shops, nicolae_shop_advertising_works
          [nicolae_subvault_shop_adworks], uniq_frances, uniq_sonja
D:13:     layout_loops_ring, small_statue_intersection,
          ebering_dispersal_statue_hall
D:14:     layout_basic, erik_vaults_1, portal_ice_cave_entry_ice_statue_two,
          nicolae_benzene_ring, minmay_tree_intersection, mikee_hates_you,
          uniq_josephine
Temple:   cyrus_temple_forest
Lair:1:   layout_small_grid, nicolae_quartered_pool_little,
          lemuel_centaur_altar, infiniplex_staircase_pool, serial_bayou_shore_b
Lair:2:   layout_regular_city, minmay_swamp_entry_wisps,
          nicolae_spider_entry_non_spiders, lemuel_fruit_tree,
          grunt_megastairs_2
Lair:3:   layout_misc_corridors, grunt_megastairs_5
Lair:4:   layout_loops_ring, eino_small_chamber_without_monster,
          serial_bayou_shore_b
Lair:5:   layout_gridlike
Lair:6:   cheibrodos_lair_end_hotspot, layout_regular_city, slime_altar_1,
          lemuel_fruit_fields
Orc:1:    layout_diamond_mine, abandoned_shop, david_defended_altar_orc
Orc:2:    st_orc_ogre_mass, layout_caves
Abyss:4:  base: Orc:1, evilmike_abyss_exit_15, lemuel_flamethrower_3

Notes
Turn   | Place    | Note
-------+----------+-------------------------------------------
     0 | D:1      | jdsmith2816 the Ghoul Artificer began the quest for the
                  | Orb.
     0 | D:1      | Reached XP level 1. HP: 16/16 MP: 0/0
   144 | D:1      | Reached skill level 1 in Unarmed Combat
   171 | D:1      | Reached XP level 2. HP: 22/23 MP: 1/1
   342 | D:1      | Reached skill level 2 in Unarmed Combat
  1016 | D:1      | Reached XP level 3. HP: 27/29 MP: 2/2
  1030 | D:1      | Reached skill level 2 in Fighting
  1625 | D:2      | Found Diagieso's Antique Armour Emporium.
  1829 | D:3      | HP: 2/29 [iguana (8)]
  1845 | D:3      | Reached skill level 3 in Unarmed Combat
  1845 | D:3      | Reached XP level 4. HP: 12/37 MP: 3/3
  2169 | D:3      | Found a shimmering altar of Xom.
  2177 | D:3      | Noticed Jessica
  2183 | D:3      | Killed Jessica
  2184 | D:3      | Reached XP level 5. HP: 44/44 MP: 4/4
  2228 | D:3      | Reached skill level 4 in Unarmed Combat
  2229 | D:3      | Reached skill level 3 in Fighting
  2410 | D:3      | Found a runed translucent door.
  2411 | D:3      | Noticed Crazy Yiuf
  2789 | D:3      | Found a faded altar of an unknown god.
  2955 | D:4      | Noticed a black bear
  3029 | D:3      | Reached skill level 1 in Throwing
  3118 | D:4      | Noticed an ogre
  3255 | D:4      | Reached XP level 6. HP: 41/51 MP: 5/5
  3750 | D:4      | Reached skill level 2 in Throwing
  3750 | D:4      | Reached skill level 5 in Unarmed Combat
  3920 | D:5      | Entered Level 5 of the Dungeon
  3952 | D:5      | Found Tomoagh's Antique Weapon Boutique.
  4094 | D:5      | Reached skill level 4 in Fighting
  4106 | D:4      | Reached XP level 7. HP: 38/59 MP: 6/6
  4248 | D:5      | Found a bloodstained altar of Trog.
  4687 | D:5      | Noticed Ijyb
  4715 | D:5      | Killed Ijyb
  4716 | D:5      | Reached skill level 6 in Unarmed Combat
  4935 | D:5      | Found Niropsod's Antique Armour Shoppe.
  4959 | D:5      | Bought a pair of boots for 99 gold pieces
  4959 | D:5      | Bought a helmet for 99 gold pieces
  4997 | D:5      | Found Ceinime's Assorted Antiques.
  5468 | D:6      | Reached skill level 7 in Unarmed Combat
  5514 | D:5      | Reached skill level 5 in Fighting
  5671 | D:6      | Found a blossoming altar of Fedhas.
  5754 | D:6      | Found a runed translucent gate.
  5754 | D:6      | Found a runed translucent gate.
  5759 | D:6      | Reached XP level 8. HP: 68/68 MP: 7/7
  5782 | D:6      | Found a runed translucent gate.
  5783 | D:6      | Noticed rabbitsville's ghost (novice TrGl)
  6255 | D:6      | Reached skill level 8 in Unarmed Combat
  6383 | D:6      | Found a broken altar of Ashenzari.
  6898 | D:7      | Identified a scroll of acquirement
  6898 | D:7      | Acquired a +2 buckler of reflection
  6929 | D:7      | Reached skill level 6 in Fighting
  7039 | D:7      | Reached skill level 1 in Maces & Flails
  7039 | D:7      | Reached skill level 1 in Shields
  7386 | D:7      | Reached skill level 9 in Unarmed Combat
  7618 | D:7      | Found a staircase to the Ecumenical Temple.
  7723 | Temple   | Entered the Ecumenical Temple
  7791 | Temple   | Became a worshipper of Warmaster Okawaru
  8378 | D:7      | Found an opulent altar of Gozag.
  8514 | D:8      | Noticed a wyvern
  8515 | D:8      | Noticed a wyvern
  8516 | D:8      | Found a staircase to the Lair.
  8607 | D:8      | Killed a wyvern
  8608 | D:8      | Reached skill level 2 in Maces & Flails
  8608 | D:8      | Reached skill level 2 in Shields
  8608 | D:8      | Reached XP level 9. HP: 78/78 MP: 8/8
  8639 | D:8      | Reached * piety under Okawaru
  8655 | D:7      | Reached skill level 7 in Fighting
  8899 | D:7      | Reached skill level 10 in Unarmed Combat
  9107 | D:7      | Reached skill level 3 in Shields
  9540 | D:8      | Reached ** piety under Okawaru
  9569 | D:8      | Reached skill level 4 in Shields
  9569 | D:8      | Reached skill level 11 in Unarmed Combat
  9574 | D:8      | Reached XP level 10. HP: 86/88 MP: 9/9
  9707 | D:8      | Found a hazy altar of Hepliaklqana.
  9708 | D:8      | Found a sparkling altar of Nemelex Xobeh.
  9776 | D:8      | Noticed a two-headed ogre
  9845 | D:8      | Killed a two-headed ogre
  9846 | D:8      | Reached skill level 8 in Fighting
 10293 | D:8      | Noticed a gargoyle
 10296 | D:8      | Killed a gargoyle
 10297 | D:8      | Reached skill level 3 in Maces & Flails
 10640 | D:8      | Found Vewnef's Magic Scroll Shop.
 10692 | D:8      | Bought a scroll of enchant weapon for 90 gold pieces
 10692 | D:8      | Bought a scroll of enchant armour for 90 gold pieces
 10692 | D:8      | Bought a scroll of enchant weapon for 90 gold pieces
 11001 | D:9      | Found a flagged portal.
 11014 | Bailey   | Entered a bailey
 11064 | Bailey   | Reached skill level 12 in Unarmed Combat
 11074 | Bailey   | Reached skill level 5 in Shields
 11103 | Bailey   | Reached *** piety under Okawaru
 11212 | Bailey   | Noticed a vault guard
 11257 | Bailey   | Killed a vault guard
 11258 | Bailey   | Reached skill level 9 in Fighting
 11258 | Bailey   | Reached skill level 4 in Maces & Flails
 11258 | Bailey   | Reached skill level 2 in Invocations
 11342 | Bailey   | Noticed Prince Ribbit
 11342 | Bailey   | Noticed a vault guard
 11363 | Bailey   | Killed a vault guard
 11363 | Bailey   | Reached **** piety under Okawaru
 11364 | Bailey   | Reached XP level 11. HP: 79/97 MP: 9/11
 11365 | Bailey   | Killed Prince Ribbit
 11622 | D:9      | Reached skill level 2 in Armour
 11986 | D:9      | Reached skill level 13 in Unarmed Combat
 12145 | D:9      | Found an ornate altar of the Wu Jian Council.
 12212 | D:9      | Received a gift from Okawaru
 12216 | D:9      | Reached skill level 3 in Armour
 12485 | D:9      | Noticed Erica
 12498 | D:9      | Killed Erica
 12499 | D:9      | Reached skill level 10 in Fighting
 12610 | D:10     | Entered Level 10 of the Dungeon
 12662 | D:10     | Reached skill level 4 in Armour
 12956 | D:10     | Reached ***** piety under Okawaru
 12967 | D:10     | Received a gift from Okawaru
 13111 | D:10     | Noticed a +0 spear
 13111 | D:10     | Noticed a +0 short sword
 13112 | D:10     | Noticed a +0 falchion
 13112 | D:10     | Noticed a +0 dagger
 13112 | D:10     | Noticed a +0 dagger
 13112 | D:10     | Noticed a +0 falchion
 13112 | D:10     | Noticed a +0 short sword
 13113 | D:10     | Noticed a +0 spear
 13115 | D:10     | Found a hide-covered altar of Uskayaw.
 13201 | D:10     | Reached skill level 5 in Armour
 13735 | D:10     | Found an ancient bone altar of Kikubaaqudgha.
 13902 | D:10     | Acquired 1055 gold pieces
 13906 | D:10     | Acquired 895 gold pieces
 14017 | Lair:1   | Entered Level 1 of the Lair of Beasts
 14187 | Lair:1   | Reached skill level 6 in Armour
 14187 | Lair:1   | Reached XP level 12. HP: 103/108 MP: 9/12
 14228 | Lair:1   | Identified the +0 pair of boots of Zuwys {Int+2} (Okawaru
                  | gifted it to you on level 1 of the Lair of Beasts)
 14228 | Lair:1   | Received a gift from Okawaru
 14229 | Lair:1   | Reached skill level 1 in Dodging
 14429 | Lair:1   | Reached skill level 2 in Dodging
 14453 | Lair:1   | Reached skill level 11 in Fighting
 14501 | Lair:1   | Reached skill level 3 in Invocations
 14620 | Lair:1   | Reached skill level 14 in Unarmed Combat
 14829 | Lair:1   | Reached skill level 4 in Invocations
 15091 | Lair:1   | Found a radiant altar of Vehumet.
 15487 | Lair:2   | Noticed a four-headed hydra
 15699 | Lair:2   | Killed a four-headed hydra
 15700 | Lair:2   | Reached skill level 5 in Invocations
 15886 | Lair:2   | Found a staircase to the Swamp.
 15935 | Lair:2   | Noticed a seven-headed hydra
 15952 | Lair:2   | Killed a seven-headed hydra
 16043 | Lair:2   | Reached skill level 6 in Invocations
 16396 | Lair:2   | Found a hole to the Spider Nest.
 16906 | Lair:2   | Reached skill level 7 in Invocations
 17049 | Lair:3   | Reached skill level 12 in Fighting
 17080 | Lair:2   | Reached XP level 13. HP: 93/118 MP: 17/17
 17228 | Lair:3   | Reached ****** piety under Okawaru
 17393 | Lair:2   | Reached skill level 8 in Invocations
 17406 | Lair:2   | Reached skill level 15 in Unarmed Combat
 17743 | Lair:3   | Identified the +5 great mace of Reapportionment {vamp,
                  | rElec Str+8 Int+4 Dex-2} (Okawaru gifted it to you on level
                  | 3 of the Lair of Beasts)
 17743 | Lair:3   | Received a gift from Okawaru
 18667 | Lair:4   | Reached skill level 13 in Fighting
 18875 | Lair:4   | Reached skill level 9 in Invocations
 19507 | Lair:4   | Identified a potion of experience
 19511 | Lair:4   | Reached skill level 16 in Unarmed Combat
 19511 | Lair:4   | Reached skill level 10 in Invocations
 19511 | Lair:4   | Reached XP level 14. HP: 130/130 MP: 20/20
 19514 | Lair:4   | Acquired 893 gold pieces
 20181 | Lair:5   | Identified the +0 buckler of Cylas {rN++ Int+3 Stlth+}
                  | (Okawaru gifted it to you on level 5 of the Lair of Beasts)
 20181 | Lair:5   | Received a gift from Okawaru
 20182 | Lair:5   | Reached skill level 14 in Fighting
 20412 | Lair:5   | Reached skill level 11 in Invocations
 20922 | Lair:6   | Entered Level 6 of the Lair of Beasts
 21347 | Lair:6   | Reached XP level 15. HP: 138/138 MP: 22/22
 21535 | Lair:6   | Found a viscous altar of Jiyva.
 21535 | Lair:6   | Found a staircase to the Slime Pits.
 21663 | Lair:6   | Reached skill level 12 in Invocations
 22628 | Lair:6   | Reached skill level 17 in Unarmed Combat
 22674 | Lair:6   | Found a large runed translucent door.
 22675 | Lair:6   | Found a large runed translucent door.
 23493 | D:11     | Identified the +11 war axe of Wounding {vorpal, rCorr Int+2
                  | Stlth+}
 23530 | D:11     | Reached skill level 15 in Fighting
 23818 | D:11     | Found a staircase to the Orcish Mines.
 24485 | Orc:1    | Entered Level 1 of the Orcish Mines
 24487 | Orc:1    | Noticed an orc warlord
 24490 | Orc:1    | Noticed an orc warlord
 24706 | D:11     | HP: 10/141 [orc warlord/+0 great sword (26)]
 25199 | D:11     | Reached skill level 7 in Armour
 25484 | D:10     | Killed an orc warlord
 25654 | D:11     | Killed an orc warlord
 26439 | Orc:2    | Entered Level 2 of the Orcish Mines
 26649 | Orc:2    | Reached skill level 8 in Armour
 26752 | Orc:2    | Received a gift from Okawaru
 27023 | Orc:2    | Identified the +0 plate armour of Blue Skies {Dex+6}
                  | (Okawaru gifted it to you on level 2 of the Orcish Mines)
 27023 | Orc:2    | Received a gift from Okawaru
 27145 | Orc:2    | Reached skill level 9 in Armour
 27362 | Orc:2    | Reached skill level 18 in Unarmed Combat
 27415 | Orc:2    | Paralysed by something for 2 turns
 27439 | Orc:2    | Found a staircase to the Elven Halls.
 27516 | Orc:2    | Reached XP level 16. HP: 149/149 MP: 24/24
 27553 | Orc:2    | Found Irrecvid's Magic Scroll Shoppe.
 27554 | Orc:2    | Found Hyillinn's Jewellery Boutique.
 27554 | Orc:2    | Found Niddadeg's General Store.
 27554 | Orc:2    | Found Inoeq's Magic Scroll Shop.
 27710 | Orc:2    | Bought a ring of see invisible for 240 gold pieces
 27988 | D:12     | Noticed Sonja
 28016 | D:12     | Killed Sonja
 28034 | D:12     | Found Kiochiyb's General Store.
 28301 | D:12     | Noticed Frances
 28318 | D:12     | Killed Frances
 28319 | D:12     | Reached skill level 10 in Armour
 29177 | D:13     | Identified a potion of resistance
 30011 | D:14     | Found a frozen archway.
 30314 | IceCv    | Entered an ice cave
 30513 | IceCv    | Reached skill level 11 in Armour
 31801 | IceCv    | Identified a +3 leather armour of resistance
 31880 | IceCv    | Noticed an Ice Fiend
 31895 | IceCv    | Killed an Ice Fiend
 31926 | IceCv    | Received a gift from Okawaru
 31986 | IceCv    | Reached skill level 12 in Armour
 32456 | IceCv    | Got the Almanac of Fetching Lightness
 32457 | IceCv    | Identified a scarf of resistance
 32466 | IceCv    | Identified the amulet "Amarrih" {Acrobat Harm rC+ Stlth+}
 32938 | D:14     | Found a runed translucent door.
 32940 | D:14     | Found a runed translucent door.
 33338 | D:14     | Found a gate to the Vaults.
 33355 | D:14     | Noticed Josephine
 33366 | D:14     | Killed Josephine
 33367 | D:14     | Reached skill level 19 in Unarmed Combat
 33674 | D:14     | Found a runed translucent door.
 33697 | D:14     | You are cast into the Abyss!
 33697 | D:14     | Cast into level 2 of the Abyss (merfolk impaler)
 33697 | Abyss:2  | Found a runed translucent door.
 33830 | Abyss:2  | Found a corrupted altar of Lugonu.
 33989 | Abyss:3  | Noticed a tentacled starspawn
 34141 | Abyss:3  | Noticed a revenant
 34356 | Abyss:4  | Noticed a bone dragon
 34404 | Abyss:4  | HP: 7/149 [shard shrike simulacrum (8)]
 34409 | Abyss:4  | HP: 4/149 [shard shrike simulacrum (9)]
 34415 | Abyss:4  | HP: 3/149 [small abomination (6)]
 34416 | Abyss:4  | Mangled by a small abomination

Vanquished Creatures
  A shard shrike zombie (Abyss:3)
  An Ice Fiend (IceCv)
  Frances (D:12)
  2 orc warlords
  A shard shrike simulacrum (Abyss:4)
  Josephine (D:14)
  A fire dragon (Lair:6)
  A jiangshi (Abyss:4)
  A boulder beetle (D:13)
  2 caustic shrike simulacra (IceCv)
  2 vault guards (Bailey)
  10 hydras
  A catoblepas (Lair:4)
  3 ogre magi (Orc:2)
  17 two-headed ogres
  2 centaur warriors
  2 dancing weapons (D:14)
  Erica (D:9)
  A bog body (IceCv)
  7 spriggan simulacra (IceCv)
  An obsidian statue (IceCv)
  A lindwurm (Lair:6)
  An orc sorcerer (Orc:1)
  2 orc knights
  A manticore (D:12)
  A will-o-the-wisp (Lair:2)
  3 cyclopes
  An ugly thing (D:12)
  10 black mambas
  7 elephants
  2 molten gargoyles (Lair:6)
  A smoke demon (Abyss:2)
  3 gargoyles
  15 cane toads
  2 ice statues (D:14)
  4 unseen horrors
  16 komodo dragons
  A demonic crawler (Lair:2)
  2 kobold demonologists (D:11)
  A rime drake (Lair:4)
  4 anaconda simulacra (IceCv)
  A golden dragon simulacrum (IceCv)
  6 entropy weaver simulacra (IceCv)
  11 ice devils (IceCv)
  4 trolls
  2 large abominations
  A polar bear (Lair:5)
  Prince Ribbit (Bailey)
  8 slime creatures (D:12)
  5 blink frogs
  20 dream sheep
  2 shadows
  4 wraiths
  2 dire elephant simulacra (IceCv)
  2 humans (Bailey)
  29 yaks
  10 wyverns
  8 basilisks
  2 steam dragons
  5 wargs (D:11)
  7 vampire mosquitoes
  9 minotaur simulacra (IceCv)
  An acid dragon (D:14)
  3 hell hounds (Lair:6)
  17 water moccasins
  An ice beast (D:6)
  25 orc warriors
  A black bear (D:8)
  34 ogres
  38 wolves
  An alligator simulacrum (IceCv)
  14 centaurs
  A phantom (D:6)
  7 kobold brigands
  19 bullfrogs
  4 necrophages
  6 scorpions
  2 gnoll sergeants
  2 deep troll simulacra (IceCv)
  12 wights
  5 killer bees (D:9)
  A lindwurm simulacrum (IceCv)
  7 howler monkeys
  7 electric eels
  5 lava snakes (Lair:6)
  A starcursed mass (Abyss:2)
  16 orc priests
  2 hounds
  Jessica (D:3)
  Ijyb (D:5)
  5 iguanas
  22 orc wizards
  14 gnolls
  5 adders
  2 white imps
  3 worms
  8 dart slugs (D:7)
  78 orcs
  9 ball pythons
  3 bats
  3 endoplasms (D:1)
  7 giant cockroaches
  7 goblins
  5 hobgoblins
  12 jackals
  29 kobolds
  5 quokkas
  4 frilled lizards
  7 rats
738 creatures vanquished.

Vanquished Creatures (collateral kills)
  2 orcs (D:5)
2 creatures vanquished.

Vanquished Creatures (others)
  Sonja (D:12)
  An unseen horror (Abyss:2)
  A kobold (D:8)
  5 foxfires (Lair:2)
  20 fungi
  41 plants
  6 starspawn tentacles (Abyss:3)
75 creatures vanquished.

Grand Total: 815 creatures vanquished

Table legend: (Time is in decaauts)
 A = Elapsed time spent in this place.
 B = Non-inter-level travel time spent in this place.
 C = Inter-level travel time spent in this place.
 D = Time resting spent in this place.
 E = Time spent auto-exploring this place.
 F = Levels seen in this place.
 G = Mean time per level.
                   A        B        C        D        E       F      G
               +--------+--------+--------+--------+--------+-----+--------+
         Total |  33808 |  32049 |   1759 |   7425 |  17320 |  28 | 1207.4 |
       Dungeon |  18879 |  17599 |   1280 |   3245 |  10737 |  14 | 1348.5 |
        Temple |    103 |     58 |     45 |      0 |     50 |   1 |  103.0 |
          Lair |   9183 |   8866 |    317 |   2113 |   5016 |   6 | 1530.5 |
  Orcish Mines |   1948 |   1832 |    116 |    201 |    983 |   2 |  974.0 |
         Abyss |    702 |    702 |      0 |    297 |    112 |   3 |  234.0 |
        Bailey |    507 |    507 |      0 |    103 |    151 |   1 |  507.0 |
      Ice Cave |   2484 |   2484 |      0 |   1465 |    270 |   1 | 2484.0 |
               +--------+--------+--------+--------+--------+-----+--------+

Top non-repeatable levels by time:
   IceCv: 2484 daAuts
  Lair:6: 2328 daAuts
     D:7: 2193 daAuts
    D:11: 1980 daAuts
     D:8: 1915 daAuts
  Lair:2: 1790 daAuts
    D:10: 1548 daAuts
  Lair:1: 1526 daAuts
  Lair:4: 1505 daAuts
     D:3: 1406 daAuts
     D:6: 1366 daAuts
     D:5: 1304 daAuts
   Orc:2: 1274 daAuts
    D:14: 1181 daAuts
    D:12: 1171 daAuts

Table legend:
 A = Non-vault XP
 B = Vault XP
 C = Vault XP percentage of total XP
 D = Non-vault monster count
 E = Vault monster count
 F = Vault count percentage of total count
                 A         B        C        D         E       F
            +---------+---------+-------+---------+---------+-------
      Total |   79097 |   59461 |  42.9 |     555 |     187 |  25.2
            +---------+---------+-------+---------+---------+-------
        D:1 |      37 |       0 |   0.0 |      24 |       0 |   0.0
        D:2 |      21 |       0 |   0.0 |      12 |       0 |   0.0
        D:3 |     184 |      37 |  16.7 |      21 |       1 |   4.5
        D:4 |     216 |       0 |   0.0 |      14 |       0 |   0.0
        D:5 |     619 |      36 |   5.5 |      13 |       1 |   7.1
        D:6 |     568 |       0 |   0.0 |      25 |       0 |   0.0
        D:7 |     570 |     768 |  57.4 |      12 |      13 |  52.0
        D:8 |    2755 |    1236 |  31.0 |      35 |       8 |  18.6
        D:9 |    1879 |     826 |  30.5 |      24 |       1 |   4.0
       D:10 |    5569 |       0 |   0.0 |      32 |       0 |   0.0
       D:11 |    8195 |       0 |   0.0 |      57 |       0 |   0.0
       D:12 |    4713 |    1738 |  26.9 |      23 |       2 |   8.0
       D:13 |    4218 |       0 |   0.0 |      11 |       0 |   0.0
       D:14 |    3575 |    4079 |  53.3 |      12 |       8 |  40.0
     Lair:1 |    5172 |     812 |  13.6 |      23 |       5 |  17.9
     Lair:2 |    8410 |    1253 |  13.0 |      32 |      10 |  23.8
     Lair:3 |    5230 |     766 |  12.8 |      24 |       2 |   7.7
     Lair:4 |    7536 |       0 |   0.0 |      19 |       0 |   0.0
     Lair:5 |    5840 |       0 |   0.0 |      20 |       0 |   0.0
     Lair:6 |    8607 |    8147 |  48.6 |      30 |      26 |  46.4
      Orc:1 |    3266 |     129 |   3.8 |      40 |       3 |   7.0
      Orc:2 |    1917 |   16957 |  89.8 |      43 |      40 |  48.2
    Abyss:2 |       0 |       0 |   N/A |       5 |       0 |   0.0
    Abyss:3 |       0 |       0 |   N/A |       2 |       0 |   0.0
    Abyss:4 |       0 |       0 |   N/A |       2 |       0 |   0.0
     Bailey |       0 |    3275 | 100.0 |       0 |      18 | 100.0
      IceCv |       0 |   19402 | 100.0 |       0 |      49 | 100.0
            +---------+---------+-------+---------+---------+-------
